 Dungeon Crawl Stone Soup version 0.28.0-53-g5a82cb258f (webtiles) character file.

Game seed: 1118799999191775545

86 Zeld the Insei (level 4, -2/28 HPs)
             Began as an Octopode Transmuter on May 22, 2022.
             Slain by a river rat (7 damage)
             ... in a sewer.
             The game lasted 00:02:16 (3196 turns).

Zeld the Insei (Octopode Transmuter)                Turns: 3196, Time: 00:02:17

Health: -2/28      AC:  1    Str: 11    XL:     4   Next: 49%
Magic:  7/8        EV: 13    Int: 15    God:
Gold:   79         SH:  0    Dex: 12    Spells: 2/8 levels left

rFire   . . .      SeeInvis .     - Unarmed
rCold   . . .      Faith    .   (no shield)
rNeg    . . .      Spirit   .   (helmet currently unavailable)
rPois   .          Reflect  .   (no amulet)
rElec   .          Harm     .   (no ring)
rCorr   .          Rampage  .   (no ring)
Will    .....                   (no ring)
Stlth   ++++......              (no ring)
HPRegen 0.09/turn               (no ring)
MPRegen 0.11/turn               (no ring)
                                (no ring)
                                (no ring)

@: appendages (expiring)
A: tentacle spike 3, almost no armour, amphibious, 8 rings, camouflage 1,
gelatinous body 1, nimble swimmer 1, tentacles
a: End Transformation


You were in a sewer.
One of your tentacles had grown a beastly spike.
You visited 1 branch of the dungeon, and saw 3 of its levels.
You also visited: Sewer.

You collected 79 gold pieces.

Inventory:

Scrolls
 a - a scroll of fog {unknown}
 b - a scroll of blinking {unknown}
 c - a scroll of magic mapping {unknown}
 d - a scroll of fear {unknown}
 e - 2 scrolls of identify {unknown}
 h - a scroll of enchant armour {unknown}
Potions
 f - a potion of might {unknown}
 g - 2 potions of haste {unknown}


   Skills:
 + Level 1.5 Fighting
 - Level 2.0 Dodging
 + Level 1.6 Stealth
 - Level 3.0 Unarmed Combat
 * Level 2.9 Spellcasting
 * Level 2.8 Transmutations
 + Level 1.0 Ice Magic
 + Level 1.0 Poison Magic


You had 2 spell levels left.
You knew the following spells:

 Your Spells              Type           Power      Damage    Failure   Level
a - Beastly Appendage     Tmut           20%        N/A       6%          1
b - Wereblood             Tmut           10%        N/A       10%         2
c - Spider Form           Tmut/Pois      8%         N/A       26%         3

Your spell library contained the following spells:

 Spells                   Type           Power      Damage    Failure   Level
 Freeze                   Ice            20%        1d4       13%         1
 Frozen Ramparts          Ice            10%        1d3       36%         3
 Ice Form                 Ice/Tmut       8%         N/A       65%         4
 Hailstorm                Conj/Ice       3%         3d3       85%         4


Dungeon Overview and Level Annotations

Branches:
Dungeon (3/15)              Sewer (1/1)

Altars:


Innate Abilities, Weirdness & Mutations

One of your tentacles has grown a beastly spike.
You cannot wear most types of armour.
You are amphibious.
You can wear up to eight rings at the same time.
Your skin changes colour to match your surroundings (Stealth+).
Your rubbery body absorbs attacks. (AC +1, EV +1)
You are camouflaged when in or above water. (Stealth+)
You have tentacles for arms and can constrict up to eight enemies at once.


Message History

The ball python bites you. The ball python constricts you.
You tentacle-slap the ball python.
You kill the ball python!
You barely miss the rat. You grab the rat. You constrict the rat.
Unknown command.
Casting: Beastly Appendage (safe; 6% risk of failure)
Confirm with . or Enter, or press ? or * to list all spells.
You fail to extend your transformation any further.
You constrict the rat.
You kill the rat!
You tentacle-slap the kobold.
You kill the kobold!
You hear a splash. x2
Items here: ( )) †.
The river rat misses you.
You tentacle-slap the river rat. Your grab misses the river rat.
Your squeeze misses the river rat.
The river rat is heavily wounded.
The river rat barely misses you.
You barely miss the river rat. Your grab misses the river rat.
Your tentacle spike misses the river rat.
The river rat is heavily wounded.
The river rat bites you.
You are too injured to fight recklessly!
You tentacle-slap the river rat. Your grab misses the river rat.
The river rat is heavily wounded.
The river rat bites you.
* * * LOW HITPOINT WARNING * * *
You are too injured to fight recklessly!
A river rat is nearby!
You barely miss the river rat. You grab the river rat.
Your squeeze misses the river rat.
The river rat is heavily wounded.
Your transformation is almost over.
You constrict the river rat. The river rat bites you.
* * * LOW HITPOINT WARNING * * *
You barely miss the river rat.
The river rat is heavily wounded.
You constrict the river rat. The river rat bites you!
You die...

#..≈P.P..≈...
#≈≈.≈≈......
P...≈...≈..#
P....≈..≈≈. ..≈.......#
.≈≈≈≈.....#
..≈≈≈≈.≈.######.###
...≈..≈≈≈)≈@r≈≈≈≈≈≈
######.≈†##########
≈≈≈≈≈≈P†≈.# ##P
#.####P≈≈.## #P.
#≈#≈..≈..# ##P#
#≈#.≈≈≈≈≈# #r#..≈
#≈######≈## #≈#.P######
#†#≈≈≈≈≈≈≈###≈#....≈≈≈#
#≈######.≈..#≈#.∩.≈≈≈≈#


You could see a river rat.

Vanquished Creatures
  An adder (Sewer)
  A river rat (Sewer)
  3 dart slugs
  2 endoplasms (D:1)
  5 giant cockroaches
  4 goblins
  3 hobgoblins
  8 jackals
  5 quokkas
  5 ball pythons
  6 bats
  2 frilled lizards
  6 kobolds
  5 rats
56 creatures vanquished.

Notes
Turn   | Place    | Note
-------+----------+-------------------------------------------
     0 | D:1      | Zeld the Octopode Transmuter began the quest for the Orb.
     0 | D:1      | Reached XP level 1. HP: 13/13 MP: 3/3
   685 | D:1      | Reached XP level 2. HP: 12/18 MP: 3/5
   818 | D:1      | Learned a level 2 spell: Wereblood
  1220 | D:1      | Reached XP level 3. HP: 23/23 MP: 4/6
  1224 | D:1      | Learned a level 3 spell: Spider Form
  1260 | D:1      | Reached skill level 1 in Stealth
  2936 | D:3      | Found a glowing drain.
  2951 | D:3      | Reached XP level 4. HP: 27/28 MP: 1/8
  2963 | Sewer    | Entered a sewer
  3044 | Sewer    | Reached skill level 1 in Ice Magic
  3044 | Sewer    | Reached skill level 1 in Poison Magic
  3196 | Sewer    | Slain by a river rat

Illustrated notes

Levels and vault maps discovered:
D:1:      minmay_arrival_four_houses, layout_loops_cross, supply_closet_lemuel
D:2:      layout_loops_ring, minmay_door_square
D:3:      layout_loops_ring, portal_sewer_entry_f, serial_shops, shop
Sewer:    sewer_co_scattered_pipes

Skill      XL: |  1  2  3  4 |
---------------+-------------+-----
Stealth        | 1 |  1.6
Ice Magic      | 1 |  1.0
Poison Magic   | 1 |  1.0
Fighting       | |  1.5
Dodging        | |  2.0
Unarmed Combat | |  3.0
Spellcasting   | |  2.9
Transmutations | |  2.8

Action                   |  1- 3 |  4- 6 || total
-------------------------+-------+-------++-------
Melee: Unarmed           |    86 |    28 ||   114
       Constrict         |    29 |     7 ||    36
       Kick              |    16 |     9 ||    25
       Tentacles         |    17 |     4 ||    21
       Punch             |     3 |       ||     3
 Cast: Beastly Appendage |    32 |     6 ||    38
       Spider Form       |     1 |       ||     1
 Stab: Sleeping          |     7 |     1 ||     8
Armor: Skin              |     8 |     2 ||    10
Dodge: Dodged            |    50 |    20 ||    70
